[Event "Team 45 45 League T53"]
[Site "Internet Chess Club"]
[Date "2012.06.04"]
[Round "3"]
[White "steadman"]
[Black "AntMantis"]
[Result "1-0"]
[WhiteElo "2197"]
[BlackElo "2059"]
[Opening "Queen's pawn game, Darooha variation "]
[ECO "D11"]
[Time "14:05:16"]
[TimeControl "2700+45"]

1. d4 d5 2. Nf3 Nf6 3. c4 c6 4. Qb3 dxc4 5. Qxc4 Qb6 6. g3 Bf5 7. Bg2 e6 8. O-O
Be7 9. Nc3 Nbd7 10. Re1 O-O 11. e4 Bg6 12. Qe2 Bb4 13. e5 Nd5 14. Bd2 Rac8 15.
Ne4 Bxe4 16. Qxe4 Bxd2 17. Nxd2 Qb4 18. Nf3 Rfd8 19. Ng5 Nf8 20. Qf3 Rc7 21.
Red1 Qxb2 22. Ne4 Ng6 23. h4 Nxe5 24. dxe5 Qxe5 25. h5 h6 26. Bf1 f5 27. Nc5 Qf6
28. Rac1 e5 29. Bc4 e4 30. Nxe4 Qe5 31. Nc3 Kh7 32. Nxd5 cxd5 33. Bd3 Rf7 34.
Re1 Qf6 35. Re2 Kh8 36. Rce1 Qg5 37. Re8+ Rxe8 38. Rxe8+ Kh7 39. Re5 Kh8 40.
Rxd5 a6 41. Rxf5 Rxf5 42. Qxf5 Qc1+ 43. Kg2 Kg8 44. Be4 {Black resigns} 1-0

[Event "Team 45 45 League T53"]
[Site "Internet Chess Club"]
[Date "2012.06.01"]
[Round "3"]
[White "BirchRun"]
[Black "Reeza"]
[Result "0-1"]
[WhiteElo "1487"]
[BlackElo "1924"]
[Opening "Trompowsky attack (Ruth, Opocenský opening)"]
[ECO "A45"]
[Time "13:02:04"]
[TimeControl "2700+45"]

1. d4 Nf6 2. Bg5 Ne4 3. Bf4 c5 4. f3 Qa5+ 5. c3 Nf6 6. Nd2 cxd4 7. Nb3 Qd8 8.
Qxd4 Nc6 9. Qd2 e5 10. Bg5 a5 11. a4 Qb6 12. Qc2 d5 13. e4 Be6 14. Bb5 dxe4 15.
fxe4 Ng4 16. Nh3 f6 17. Bd2 Be7 18. O-O-O O-O 19. c4 Ne3 20. Bxe3 Qxe3+ 21. Kb1
Nb4 22. Qc1 Qxb3 {White resigns} 0-1

[Event "Team 45 45 League T53"]
[Site "Internet Chess Club"]
[Date "2012.06.03"]
[Round "3"]
[White "CaoCao"]
[Black "Nimbus"]
[Result "1-0"]
[WhiteElo "1874"]
[BlackElo "1790"]
[Opening "Sicilian defense"]
[ECO "B40"]
[Time "10:01:36"]
[TimeControl "2700+45"]

1. e4 c5 2. Nf3 e6 3. c3 d5 4. exd5 exd5 5. d4 Be6 6. dxc5 Bxc5 7. Nd4 Nf6 8.
Nxe6 fxe6 9. Bb5+ Nc6 10. Qe2 Qd7 11. O-O O-O 12. Be3 Bd6 13. Nd2 a6 14. Ba4 b5
15. Bc2 Rac8 16. Rad1 Rfe8 17. a4 Na5 18. axb5 Qxb5 19. Bd3 Qxb2 20. Rb1 Qxc3
21. Bxa6 Rb8 22. Bb5 Rec8 23. Rfc1 Qa3 24. Rxc8+ Rxc8 25. Bd4 Rc1+ 26. Rxc1
Qxc1+ 27. Nf1 Kf7 28. Bxf6 Kxf6 29. Bd7 e5 30. Qg4 Bc7 31. Qe6+ Kg5 32. h4+ Kh5
33. Qf5+ Kh6 34. g4 {Black resigns} 1-0

[Event "Team 45 45 League T53"]
[Site "Internet Chess Club"]
[Date "2012.06.04"]
[Round "3"]
[White "KoalieAwe"]
[Black "frank001"]
[Result "1-0"]
[WhiteElo "1790"]
[BlackElo "1771"]
[Opening "Grünfeld: 5.e3"]
[ECO "D94"]
[Time "23:02:51"]
[TimeControl "2700+45"]

1. d4 Nf6 2. c4 g6 3. Nf3 Bg7 4. Nc3 d5 5. e3 O-O 6. Be2 c5 7. cxd5 Nxd5 8. O-O
cxd4 9. exd4 Nc6 10. a3 a6 11. Bc4 Nb6 12. Ba2 Bg4 13. Be3 e6 14. h3 Bxf3 15.
Qxf3 Qd7 16. d5 Nxd5 17. Nxd5 exd5 18. Qxd5 Qxd5 19. Bxd5 Bxb2 20. Rab1 Bxa3 21.
Rxb7 Rac8 22. Bh6 Ne7 23. Bxf8 Nxd5 24. Bxa3 {Black resigns} 1-0

[Event "Team 45 45 League T53"]
[Site "Internet Chess Club"]
[Date "2012.06.03"]
[Round "3"]
[White "CamNewton"]
[Black "chiiwen"]
[Result "1-0"]
[WhiteElo "2214"]
[BlackElo "2174"]
[Opening "Scandinavian: Pytel-Wade variation"]
[ECO "B01"]
[Time "22:03:22"]
[TimeControl "2700+45"]

1. e4 d5 2. exd5 Qxd5 3. Nc3 Qd6 4. d4 Nf6 5. Nf3 c6 6. g3 Bf5 7. Bg2 e6 8. O-O
Be7 9. Ne2 O-O 10. c4 Na6 11. Bf4 Qd8 12. a3 Nc7 13. Ne5 Ng4 14. Nxg4 Bxg4 15.
h3 Bh5 16. g4 Bg6 17. Qb3 Qc8 18. Rac1 Rd8 19. Bh2 Bd6 20. Ng3 Bf4 21. Rcd1 Rd7
22. h4 h6 23. Rfe1 Ne8 24. Qf3 Qc7 25. d5 cxd5 26. cxd5 e5 27. Ne4 Bxh2+ 28.
Kxh2 Nd6 29. Nxd6 Qxd6 30. Qg3 Re7 31. Rc1 Rd8 32. Kg1 f6 33. b4 Bf7 34. Rc5 Be8
35. Rec1 b6 36. Rc8 Bb5 37. Rxd8+ Qxd8 38. Qc3 Ba6 39. Be4 Qd7 40. f3 h5 41. Bg6
e4 42. d6 exf3 43. Qxf3 {Black resigns} 1-0

[Event "Team 45 45 League T53"]
[Site "Internet Chess Club"]
[Date "2012.06.03"]
[Round "3"]
[White "pmcglothin"]
[Black "jorobo"]
[Result "0-1"]
[WhiteElo "1885"]
[BlackElo "1985"]
[Opening "Four knights game"]
[ECO "C47"]
[Time "06:31:32"]
[TimeControl "2700+45"]

1. e4 e5 2. Nf3 Nc6 3. Nc3 Nf6 4. g3 Bc5 5. Bg2 d6 6. O-O O-O 7. d3 h6 8. h3 a6
9. Qe2 Be6 10. Be3 Nd4 11. Bxd4 exd4 12. Nd1 Ba7 13. Ne1 Re8 14. f4 Qc8 15. Kh2
c5 16. Qd2 Bd7 17. Nf3 Bc6 18. Nf2 b5 19. Rfe1 Qb7 20. g4 Rad8 21. g5 hxg5 22.
Nxg5 c4 23. Qd1 Qc8 24. f5 d5 25. Ng4 dxe4 26. dxe4 Qc7+ 27. Kh1 Bb8 28. Nxf6+
gxf6 29. Nf3 Rxe4 30. Rxe4 Bxe4 31. Qd2 Qg3 32. Rg1 Kh7 33. Qe2 Bxf3 34. Bxf3
Qxh3+ {White resigns} 0-1

[Event "Team 45 45 League T53"]
[Site "Internet Chess Club"]
[Date "2012.06.03"]
[Round "3"]
[White "azbycx"]
[Black "Bonneville"]
[Result "1/2-1/2"]
[WhiteElo "1857"]
[BlackElo "1941"]
[Opening "Queen's pawn game, Darooha variation "]
[ECO "D02"]
[Time "14:00:23"]
[TimeControl "2700+45"]

1. d4 d5 2. Nf3 Nf6 3. g3 c5 4. Bg2 Nc6 5. O-O e6 6. c4 dxc4 7. Qa4 Bd7 8. Qxc4
cxd4 9. Nxd4 Na5 10. Qd3 Bc6 11. Bxc6+ Nxc6 12. Nxc6 Qxd3 13. exd3 bxc6 14. Be3
Be7 15. Rc1 Kd7 16. Nd2 Nd5 17. Nc4 Bf6 18. a3 Rhb8 19. Rc2 Rb3 20. d4 Rab8 21.
Rac1 Rd3 22. b4 h6 23. Rd2 Rb3 24. Rdc2 Rb5 25. Kf1 Nb6 26. Ne5+ Bxe5 27. dxe5
Rxa3 28. Rxc6 Nd5 29. Rd6+ Ke7 30. Bc5 Ke8 {Game drawn by mutual agreement}
1/2-1/2

[Event "Team 45 45 League T53"]
[Site "Internet Chess Club"]
[Date "2012.06.01"]
[Round "3"]
[White "alexdb"]
[Black "az2112"]
[Result "1-0"]
[WhiteElo "1892"]
[BlackElo "1676"]
[Opening "Ruy Lopez: Wormald (Alapin) attack"]
[ECO "C77"]
[Time "21:56:22"]
[TimeControl "2700+45"]

1. e4 e5 2. Nf3 Nc6 3. Bb5 a6 4. Ba4 Nf6 5. Qe2 b5 6. Bb3 Be7 7. d3 O-O 8. c3 d6
9. Nbd2 Na5 10. Bc2 c5 11. Nf1 Bb7 12. g4 c4 13. g5 cxd3 14. Bxd3 Nd7 15. Ng3 d5
16. b4 dxe4 17. Nxe4 Nc6 18. Rg1 f5 19. gxf6 Nxf6 20. Nfg5 Qc8 21. Nxf6+ Bxf6
22. Bxh7+ Kh8 23. Qh5 Bxg5 {Black resigns} 1-0

[Event "Team 45 45 League T53"]
[Site "Internet Chess Club"]
[Date "2012.06.01"]
[Round "3"]
[White "DreamCatcher13"]
[Black "bobhill"]
[Result "1/2-1/2"]
[WhiteElo "1963"]
[BlackElo "1937"]
[Opening "Sicilian: dragon, Yugoslav attack, Rauser variation"]
[ECO "B76"]
[Time "22:13:39"]
[TimeControl "2700+45"]

1. e4 c5 2. Nf3 d6 3. d4 cxd4 4. Nxd4 Nf6 5. Nc3 g6 6. Be3 Bg7 7. f3 Nc6 8. Qd2
O-O 9. O-O-O d5 10. exd5 Nxd5 11. Nxc6 bxc6 12. Bd4 e5 13. Bc5 Qa5 14. Bxf8 Bxf8
15. Bc4 Nxc3 16. Qxc3 Qxc3 17. bxc3 Bh6+ 18. Kb2 Bf5 19. g4 Rb8+ 20. Ka1 Bxc2
21. Rd7 e4 22. Rxf7 Kh8 23. fxe4 Bg7 24. Rxg7 Kxg7 25. e5 a5 26. e6 Re8 27. Re1
Kf6 28. Kb2 Ba4 29. Rf1+ Kg5 30. Rf7 Bb5 31. Bxb5 cxb5 32. e7 Kxg4 33. Rxh7 Kf5
34. Kb3 g5 35. a4 Kg6 36. Rh3 bxa4+ 37. Kxa4 Rxe7 38. Kxa5 Rb7 39. c4 g4 40. Rc3
Rb2 41. c5 Rxh2 42. c6 Rh8 43. Kb6 Kf5 44. Kb7 Kf4 45. c7 g3 46. Rc4+ Kf3 47.
Rh4 Rg8 48. Rh6 g2 49. Rf6+ Ke3 50. Re6+ Kf2 51. Rf6+ Ke2 52. Re6+ Kf2 53. Rf6+
Ke2 {Game drawn by mutual agreement} 1/2-1/2

[Event "Team 45 45 League T53"]
[Site "Internet Chess Club"]
[Date "2012.05.30"]
[Round "3"]
[White "Skwerly"]
[Black "infiniteshug"]
[Result "1-0"]
[WhiteElo "1903"]
[BlackElo "1958"]
[Opening "Bird's opening"]
[ECO "A03"]
[Time "16:02:47"]
[TimeControl "2700+45"]

1. f4 d5 2. Nf3 c5 3. g3 Nc6 4. Bg2 Nf6 5. e3 Bf5 6. b3 e6 7. Bb2 Bd6 8. d3 Qc7
9. O-O O-O 10. Bxf6 gxf6 11. Nbd2 Qb6 12. Kh1 e5 13. Nh4 Be6 14. f5 Bd7 15. Bxd5
Ne7 16. Bg2 Bc6 17. Ne4 Bxe4 18. Bxe4 c4 19. Qf3 Bc5 20. bxc4 Bxe3 21. Rab1 Qd4
22. Rxb7 Nc8 23. Qg4+ Bg5 24. Nf3 Qe3 25. h4 h5 26. Qxh5 Bh6 27. Re1 Qf2 28.
Qxh6 Nd6 29. Rbb1 Nxe4 30. Rxe4 Qxf3+ 31. Kh2 Qf2+ 32. Kh3 Qxf5+ 33. Rg4+ Qxg4+
34. Kxg4 Rac8 35. Qxf6 Rce8 36. Re1 Re6 37. Qf5 Rfe8 38. h5 Kg7 39. Re4 Kg8 40.
c3 Kg7 41. d4 Rb6 42. Rxe5 Rg8 43. Kh3 Ra6 44. d5 Rh6 45. Re7 Rf8 46. c5 Kg8 47.
d6 Re6 48. Rxe6 fxe6 49. Qxe6+ Kg7 50. Qg6+ Kh8 51. d7 Ra8 52. d8=Q+ Rxd8 53.
Qf6+ Kg8 54. Qxd8+ Kf7 55. c6 Kg7 56. c7 Kf7 57. Qd6 Kg7 58. c8=Q Kf7 59. Qcc7+
Kg8 60. Qdd8# {Black checkmated} 1-0

[Event "Team 45 45 League T53"]
[Site "Internet Chess Club"]
[Date "2012.06.03"]
[Round "3"]
[White "latayvia"]
[Black "Babbs58"]
[Result "1-0"]
[WhiteElo "1744"]
[BlackElo "1550"]
[Opening "Giuoco Piano"]
[ECO "C50"]
[Time "20:02:45"]
[TimeControl "2700+45"]

1. e4 e5 2. Nf3 Nc6 3. Bc4 Bc5 4. O-O h6 5. c3 a5 6. d4 exd4 7. cxd4 Bb6 8. Nc3
d6 9. Be3 Bg4 10. a4 Bxf3 11. Qxf3 Qf6 12. Qxf6 Nxf6 13. Bb5 O-O 14. Rfd1 Nb4
15. Rac1 c6 16. Be2 Rae8 17. f3 Nh5 18. f4 Nf6 19. Bf3 Re7 20. Bf2 Rfe8 21. e5
dxe5 22. dxe5 Bxf2+ 23. Kxf2 Nd7 24. Ne4 Nb6 25. Nd6 Rb8 26. b3 g6 27. Rc5 Ra8
28. Ne4 N6d5 29. g3 b6 30. Rc4 Kg7 31. Rxc6 Nxc6 32. Rxd5 Rb8 33. Rd6 Nb4 34. g4
Nc2 35. Nf6 Re6 36. Rd7 Kf8 37. Rc7 Nd4 38. Nd7+ Ke8 39. Nxb8 Nxb3 40. Bd5 Re7
41. Rc8# {Black checkmated} 1-0

[Event "Team 45 45 League T53"]
[Site "Internet Chess Club"]
[Date "2012.06.05"]
[Round "3"]
[White "KoalieAwe"]
[Black "moomaster"]
[Result "0-1"]
[WhiteElo "1767"]
[BlackElo "1637"]
[Opening "Queen's gambit declined"]
[ECO "D30"]
[Time "17:19:21"]
[TimeControl "2700+45"]

1. d4 e6 2. c4 d5 3. Nf3 Nf6 4. a3 c5 5. e3 Nc6 6. Nc3 Be7 7. Be2 O-O 8. O-O Qb6
9. Na4 Qc7 10. cxd5 exd5 11. Nxc5 Bd6 12. b4 b6 13. Nb3 Bg4 14. h3 Bh5 15. Bb2
Rfe8 16. Rc1 Qb7 17. Bb5 Rac8 18. Nbd2 a6 19. Bd3 Bg6 20. Bxg6 hxg6 21. Qb3 b5
22. Bc3 a5 23. bxa5 Ra8 24. Rb1 Reb8 25. Bb4 Nxa5 26. Qc3 Bxb4 27. axb4 Nc4 28.
Nxc4 bxc4 29. Rb2 Ne4 30. Qc2 Ra3 31. Rc1 Rc3 32. Qd1 Rxc1 33. Qxc1 c3 34. Rb3
Qb5 35. Rb1 Qc4 36. Ne5 Qe2 37. Qf1 c2 38. Rc1 Nc3 39. Nc6 Rb7 40. g3 Qd2 41.
Qe1 Qxe1+ 42. Rxe1 Nd1 {White resigns} 0-1

[Event "Team 45 45 League T53"]
[Site "Internet Chess Club"]
[Date "2012.06.05"]
[Round "3"]
[White "minke"]
[Black "koni"]
[Result "1-0"]
[WhiteElo "1905"]
[BlackElo "1882"]
[Opening "French: Winawer, advance variation"]
[ECO "C16"]
[Time "13:04:11"]
[TimeControl "2700+45"]

1. e4 e6 2. d4 d5 3. Nc3 Bb4 4. e5 Ne7 5. a3 Bxc3+ 6. bxc3 b6 7. f4 Ba6 8. Nf3
Bxf1 9. Rxf1 Qd7 10. a4 Nbc6 11. Ba3 Na5 12. Nd2 Qc6 13. Qf3 Qxa4 14. Qd3 Nc4
15. Nxc4 Qxc4 16. Qxc4 dxc4 17. Bxe7 Kxe7 18. Ra6 Rhb8 19. Ke2 Kd7 20. Rfa1 Rb7
21. Ke3 b5 22. Ke4 Kc8 23. d5 Kb8 24. dxe6 fxe6 25. Rxe6 Rb6 26. Rxb6+ cxb6 27.
e6 Kc7 28. Rd1 Rd8 29. Ra1 a5 30. Ke5 Rd2 31. g4 Kd8 32. f5 Ke7 33. Rb1 a4 34.
Rxb5 a3 35. Rxb6 a2 36. Rb7+ Ke8 37. Ra7 Rxc2 38. g5 Rxh2 39. Ra8+ Ke7 40. f6+
gxf6+ 41. gxf6# {Black checkmated} 1-0

[Event "Team 45 45 League T53"]
[Site "Internet Chess Club"]
[Date "2012.06.02"]
[Round "3"]
[White "kabindra"]
[Black "az2112"]
[Result "1-0"]
[WhiteElo "1830"]
[BlackElo "1666"]
[Opening "Sicilian: Scheveningen (Paulsen), classical variation"]
[ECO "B85"]
[Time "10:00:52"]
[TimeControl "2700+45"]

1. e4 c5 2. Nf3 d6 3. d4 cxd4 4. Nxd4 Nf6 5. Nc3 a6 6. Be2 e6 7. O-O Be7 8. f4
O-O 9. Be3 Nbd7 10. Nb3 b5 11. Bf3 Bb7 12. a3 Nc5 13. e5 Bxf3 14. Qxf3 Nfd7 15.
exd6 Bxd6 16. Rad1 Qe7 17. Nd4 Nf6 18. b4 Nb7 19. Ne4 Nxe4 20. Qxe4 Rac8 21. f5
exf5 22. Qxe7 Bxe7 23. Nxf5 Bf6 24. Rd7 Nd8 25. Bc5 Re8 26. Nd6 Rxc5 27. Nxe8
{Black resigns} 1-0

[Event "Team 45 45 League T53"]
[Site "Internet Chess Club"]
[Date "2012.06.02"]
[Round "3"]
[White "Schack"]
[Black "John3v16"]
[Result "1/2-1/2"]
[WhiteElo "1707"]
[BlackElo "1675"]
[Opening "Dutch: classical variation"]
[ECO "A96"]
[Time "22:01:55"]
[TimeControl "2700+45"]

1. d4 e6 2. c4 f5 3. g3 Nf6 4. Bg2 Be7 5. Nf3 O-O 6. O-O d6 7. Nc3 c6 8. d5 e5
9. Qc2 cxd5 10. cxd5 Qc7 11. Ne1 Bd7 12. Bg5 h6 13. Bd2 Na6 14. Rc1 Rac8 15. e4
fxe4 16. Bxe4 Nxe4 17. Nxe4 Bh3 18. Qxc7 Nxc7 19. Ng2 Nxd5 20. Rfd1 Bg4 21. Re1
Bf3 22. Nc3 Nxc3 23. Rxc3 Rxc3 24. Bxc3 Bf6 25. Ne3 d5 26. Nf5 d4 27. Bb4 Rc8
28. h4 Rc2 29. Ba3 d3 30. Ne3 Re2 31. Rxe2 Bxe2 32. Nc4 a5 33. Bc5 g5 34. Be3
Kg7 35. Nxa5 e4 36. b3 b5 37. b4 gxh4 38. gxh4 Bc3 39. Nb3 Bxb4 40. Nd2 Bf3 41.
Kh2 Kg6 42. Kg3 Bh1 43. Kh2 Bxd2 44. Bxd2 Bf3 45. Kg3 h5 46. Be3 Kf5 47. Bd2 Ke5
48. Kh3 Kd4 49. Kg3 Kc5 50. Kf4 Kc4 51. Ke3 b4 52. Be1 b3 53. axb3+ Kxb3 54. Ba5
Kc2 55. Bb4 Kb3 56. Bd2 Kc2 57. Ba5 {Game drawn by mutual agreement} 1/2-1/2

[Event "Team 45 45 League T53"]
[Site "Internet Chess Club"]
[Date "2012.06.02"]
[Round "3"]
[White "cys456"]
[Black "clarinetref"]
[Result "1/2-1/2"]
[WhiteElo "1722"]
[BlackElo "1651"]
[Opening "Sicilian: Najdorf"]
[ECO "B90"]
[Time "11:08:39"]
[TimeControl "2700+45"]

1. e4 c5 2. Nf3 d6 3. d4 cxd4 4. Nxd4 Nf6 5. Nc3 a6 6. a4 e6 7. Be2 Be7 8. O-O
Qc7 9. Be3 Nc6 10. f4 Bd7 11. f5 Nxd4 12. Bxd4 e5 13. Be3 Bc6 14. Bf3 Qd7 15.
Qd3 Rb8 16. b4 b5 17. a5 O-O 18. g4 d5 19. exd5 Bxb4 20. dxc6 Qxd3 21. cxd3 Bxc3
22. Rac1 Bxa5 23. c7 Rbc8 24. Bc5 Bxc7 25. Bxf8 Bb6+ 26. Kg2 Rxf8 27. Rc6 Bd4
28. Rxa6 Rb8 29. Ra8 Rxa8 30. Bxa8 Nxg4 31. Rb1 Ne3+ 32. Kf3 Nxf5 33. Rxb5 g6
34. Bd5 Nd6 35. Rb8+ Kg7 36. Rd8 Bc5 37. Rd7 Kf8 38. Rc7 Bd4 39. Kg4 h6 40. Rd7
Bc5 41. Rc7 Bd4 {Game drawn by mutual agreement} 1/2-1/2

[Event "Team 45 45 League T53"]
[Site "Internet Chess Club"]
[Date "2012.06.05"]
[Round "3"]
[White "rookmaster23"]
[Black "bmw2002"]
[Result "1-0"]
[WhiteElo "1630"]
[BlackElo "1613"]
[Opening "King's Indian: orthodox, Aronin-Taimanov, bayonet attack"]
[ECO "E97"]
[Time "21:05:34"]
[TimeControl "2700+45"]

1. d4 Nf6 2. c4 g6 3. Nc3 Bg7 4. e4 d6 5. Nf3 O-O 6. Be2 e5 7. O-O Nc6 8. d5 Ne7
9. b4 a6 10. c5 b6 11. cxb6 cxb6 12. Nd2 Ne8 13. b5 f5 14. f3 Bb7 15. Nc4 axb5
16. Nxb5 Ba6 17. Qb3 f4 18. Bd2 Rc8 19. Rfe1 Bxb5 20. Qxb5 Rc5 21. Qxb6 Qc8 22.
Nxd6 Nxd6 23. Qxd6 Bf6 24. Qe6+ {Black forfeits on time} 1-0

[Event "Team 45 45 League T53"]
[Site "Internet Chess Club"]
[Date "2012.06.03"]
[Round "3"]
[White "bookseller"]
[Black "smsxman"]
[Result "1-0"]
[WhiteElo "1650"]
[BlackElo "1407"]
[Opening "Scotch gambit: Benima defense"]
[ECO "C50"]
[Time "13:05:17"]
[TimeControl "2700+45"]

1. e4 e5 2. Nf3 Nc6 3. Bc4 Be7 4. d4 exd4 5. Nxd4 Nxd4 6. Qxd4 Nf6 7. O-O O-O 8.
Nc3 b6 9. e5 Bc5 10. Qf4 Nh5 11. Qf3 Rb8 12. Qxh5 Re8 13. Bxf7+ {Black resigns}
1-0

[Event "Team 45 45 League T53"]
[Site "Internet Chess Club"]
[Date "2012.06.01"]
[Round "3"]
[White "Toalla"]
[Black "Zyme"]
[Result "0-1"]
[WhiteElo "1281"]
[BlackElo "1309"]
[Opening "King's Indian: fianchetto without c4"]
[ECO "A49"]
[Time "18:00:33"]
[TimeControl "2700+45"]

1. d4 Nf6 2. Nf3 g6 3. g3 Bg7 4. Bg2 O-O 5. O-O e6 6. c4 d5 7. Nbd2 Nbd7 8. b3
b6 9. Bb2 Bb7 10. Re1 Re8 11. cxd5 exd5 12. Qc2 Rc8 13. Nh4 c5 14. Qd3 Rc7 15.
e4 Qc8 16. Rac1 Ba6 17. Qb1 dxe4 18. Nxe4 Nxe4 19. Rxe4 Rxe4 20. Bxe4 Bxd4 21.
Rd1 Bxb2 22. Qxb2 Bb7 23. Bxb7 Qxb7 24. Qe2 Nf6 25. Rd3 Re7 26. Re3 Rxe3 27.
Qxe3 Qe4 28. Qxe4 Nxe4 29. Kf1 Kf8 30. Nf3 Ke7 31. Ke1 Kd6 32. g4 Kd5 33. h4 f6
34. Ng1 c4 35. Ne2 cxb3 36. axb3 Kc5 37. f3 Nd6 38. Kd2 Kb4 39. Kc2 Nb5 40. Kb2
a5 41. g5 f5 42. f4 a4 43. bxa4 Kxa4 44. Ka2 Kb4 45. Kb2 Kc4 46. Kc1 Kd3 47. Ng1
Nd4 48. Kd1 b5 49. Nh3 Ke3 50. Ke1 b4 51. Kd1 b3 52. Kc1 Kf3 53. Kb2 Kg3 54. Ng1
Kxf4 55. Nh3+ Kg4 56. Nf2+ Kxh4 57. Nd3 Kxg5 {White resigns} 0-1

[Event "Team 45 45 League T53"]
[Site "Internet Chess Club"]
[Date "2012.06.01"]
[Round "3"]
[White "Ostap-Bender"]
[Black "Just-Jim"]
[Result "1-0"]
[WhiteElo "1407"]
[BlackElo "1268"]
[Opening "QGD Slav defense"]
[ECO "D10"]
[Time "18:00:07"]
[TimeControl "2700+45"]

1. d4 d5 2. c4 c6 3. Nc3 h6 4. Nf3 Nf6 5. cxd5 cxd5 6. Bf4 a6 7. h3 Nc6 8. e3
Bf5 9. Qb3 e6 10. Be2 Nb4 11. O-O Bc2 12. Qa3 Nc6 13. b4 Bxb4 14. Qb2 Be4 15. a3
Bxc3 16. Qxc3 Bxf3 17. Bxf3 O-O 18. Rab1 Qd7 19. Rfc1 Ne4 20. Qd3 f5 21. Bd1 g5
22. Bh2 Qe7 23. f3 Nf6 24. Ba4 Rac8 25. Bxc6 bxc6 26. Qxa6 g4 27. Rxc6 gxf3 28.
Rxc8 f2+ 29. Kxf2 Ne4+ 30. Ke2 Qg5 31. Rxf8+ Kxf8 32. Rb8+ Kf7 33. Qa7+ Qe7 34.
Rb7 Nc3+ 35. Kd3 Qxb7 36. Qxb7+ {Black resigns} 1-0

[Event "Team 45 45 League T53"]
[Site "Internet Chess Club"]
[Date "2012.06.11"]
[Round "3"]
[White "ilovechess"]
[Black "oldsj"]
[Result "0-1"]
[WhiteElo "1529"]
[BlackElo "1637"]
[Opening "Sicilian: Scheveningen (Paulsen), classical variation"]
[ECO "B84"]
[Time "19:30:39"]
[TimeControl "2700+45"]

1. e4 c5 2. Nf3 d6 3. d4 cxd4 4. Nxd4 Nf6 5. Nc3 a6 6. Be2 e6 7. Be3 Be7 8. Qd2
O-O 9. f3 Qc7 10. O-O b5 11. a3 Bb7 12. Rad1 Nc6 13. Rfe1 Rac8 14. Bd3 Ne5 15.
Nb3 Rfd8 16. Ne2 d5 17. exd5 Nxd3 18. Qxd3 Bxd5 19. Qc3 Qb7 20. Qe5 Rxc2 21.
Nbd4 Rcc8 22. Rd2 Bd6 23. Qg5 Be7 24. Qg3 b4 25. Nf4 bxa3 26. bxa3 Bxa3 27. Red1
Bc1 28. Ndxe6 fxe6 29. Nxe6 Bxd2 30. Nxd8 Bxe3+ 31. Kf1 Rxd8 32. Qe5 Bc4+ 33.
Ke1 Qb4+ 34. Qc3 {White resigns} 0-1

[Event "Team 45 45 League T53"]
[Site "Internet Chess Club"]
[Date "2012.06.03"]
[Round "3"]
[White "eagle"]
[Black "hi12980"]
[Result "1-0"]
[WhiteElo "1497"]
[BlackElo "1580"]
[Opening "King's Indian: 3.g3"]
[ECO "E60"]
[Time "16:45:25"]
[TimeControl "2700+45"]

1. d4 Nf6 2. c4 g6 3. g3 Bg7 4. Bg2 O-O 5. e4 d6 6. Nc3 Nbd7 7. Nf3 e5 8. d5 Nb6
9. b3 Bd7 10. O-O c6 11. Bb2 cxd5 12. exd5 Bg4 13. Qc2 Bf5 14. Qe2 Re8 15. Nd2
Qe7 16. Nde4 Nxe4 17. Nxe4 Bxe4 18. Bxe4 f5 19. Bg2 Qg5 20. h4 Qd8 21. Rae1 Qd7
22. Qd2 Rf8 23. f4 exf4 24. Rxf4 Bh6 25. Qd4 Bxf4 26. Qh8+ Kf7 27. Qg7# {Black
checkmated} 1-0

[Event "Team 45 45 League T53"]
[Site "Internet Chess Club"]
[Date "2012.06.04"]
[Round "3"]
[White "browndeer"]
[Black "stanbeers"]
[Result "1-0"]
[WhiteElo "1497"]
[BlackElo "1437"]
[Opening "King's pawn opening"]
[ECO "B07"]
[Time "20:13:51"]
[TimeControl "2700+45"]

1. e4 d6 2. d4 Nd7 3. Bb5 c6 4. Bd3 Ngf6 5. Nf3 Qc7 6. O-O e5 7. c3 Be7 8. Nbd2
Nf8 9. Nb3 Bg4 10. h3 Bh5 11. Qe2 Ne6 12. Qe3 Bxf3 13. Qxf3 O-O 14. Qg3 Nh5 15.
Qf3 Nhf4 16. Bxf4 Nxf4 17. dxe5 Nxd3 18. Qxd3 dxe5 19. Rad1 b5 20. Qd7 Rac8 21.
Rd2 Rfd8 22. Qxc7 Rxc7 23. Rfd1 Rxd2 24. Rxd2 h6 25. Kh2 Bg5 26. Rd1 Kh7 27. Nc5
a5 28. g3 b4 29. cxb4 axb4 30. h4 Be7 31. Rd7 Rxd7 32. Nxd7 f6 33. b3 c5 34. h5
Kg8 35. Kg2 Kf7 36. Kf3 Ke6 37. Nb6 Bd6 38. Ke3 f5 39. f3 f4+ 40. gxf4 exf4+ 41.
Kd3 Be5 42. Kc4 Bd4 43. Nd5 Kd6 44. Nxf4 Ke5 45. Nd3+ Kd6 46. Nxb4 Ba1 47. Nd3
g5 48. Nxc5 Ke5 49. Nd3+ Kd6 50. a4 Bg7 51. Kb5 {Black resigns} 1-0

[Event "Team 45 45 League T53"]
[Site "Internet Chess Club"]
[Date "2012.06.02"]
[Round "3"]
[White "wekabird"]
[Black "almond123"]
[Result "0-1"]
[WhiteElo "1153"]
[BlackElo "1422"]
[Opening "English: Anglo-Grünfeld defense"]
[ECO "A16"]
[Time "23:01:21"]
[TimeControl "2700+45"]

1. c4 Nf6 2. Nc3 d5 3. cxd5 Nxd5 4. h3 g6 5. Nxd5 Qxd5 6. Nf3 Bg7 7. g3 O-O 8.
Bg2 Nc6 9. O-O Bf5 10. d3 Qd7 11. Kh2 Rad8 12. Nh4 Be6 13. a3 Bd5 14. Nf3 h6 15.
Rb1 g5 16. g4 f5 17. gxf5 Bxf3 18. Bxf3 Qxf5 19. Kg2 Nd4 20. Bg4 Qf7 21. e3 Qd5+
22. e4 Qd6 23. Be3 c5 24. Bxd4 Qxd4 25. Qb3+ Kh8 26. Rbd1 Qxb2 27. Qxb2 Bxb2 28.
a4 b6 29. Rb1 Be5 30. Rbd1 Rd4 31. f3 Rxa4 32. Ra1 Rxa1 33. Rxa1 Bxa1 34. Kf2 a5
35. Ke2 a4 36. Kd2 a3 37. Kc2 Bg7 38. Kb3 Ra8 39. Ka2 b5 40. Be6 b4 41. Bd5 Rd8
42. Bc4 Rf8 43. e5 Bxe5 44. Bd5 Rd8 45. Be4 Rd4 46. Kb3 e6 47. Ka2 Rd6 48. Kb3
Ra6 49. Ka2 b3+ 50. Kxb3 a2 51. Kc4 a1=Q 52. Kxc5 Qc3+ 53. Kb5 Ra3 54. Kb6 Rb3+
55. Ka6 Qa1# {White checkmated} 0-1

[Event "Team 45 45 League T53"]
[Site "Internet Chess Club"]
[Date "2012.06.01"]
[Round "3"]
[White "Lee-D"]
[Black "moomaster"]
[Result "0-1"]
[WhiteElo "1363"]
[BlackElo "1614"]
[Opening "QGD: classical variation (5.Bf4)"]
[ECO "D35"]
[Time "20:01:56"]
[TimeControl "2700+45"]

1. d4 e6 2. c4 d5 3. Nc3 Nf6 4. Bf4 Be7 5. Nf3 O-O 6. e3 c5 7. Bd3 Nc6 8. O-O
dxc4 9. Bxc4 Nh5 10. Be5 cxd4 11. Bxd4 Nxd4 12. Nxd4 Nf6 13. Rc1 Qb6 14. Qc2 Bd7
15. Rfd1 Rac8 16. Bd3 Rc7 17. Nf3 Rfc8 18. Qb1 a6 19. Ng5 g6 20. Nf3 Rc5 21. Ne4
Rxc1 22. Rxc1 Rxc1+ 23. Qxc1 Bc6 24. Nxf6+ Bxf6 25. b3 Qa5 26. Qc2 Kg7 27. Nd2
Qd5 28. Be4 Qe5 29. f4 Bxe4 30. Nxe4 Qf5 31. h3 h5 32. Qc4 Qa5 33. b4 Qa3 34.
Nxf6 Qxe3+ 35. Kh2 Kxf6 36. Qc7 Qd4 37. a3 e5 38. Qxb7 Qxf4+ 39. Kg1 Qc1+ 40.
Kh2 Qxa3 41. Qb6+ Kg7 42. Qc5 Qa1 43. Qd6 h4 44. Qd2 Qd4 45. Qe1 e4 46. Qxh4
Qxb4 47. Qf4 a5 48. Qe5+ Kh7 49. Qf6 Kg8 50. Qd8+ Kg7 51. Qe8 a4 52. Qe5+ Kh7
53. Qf6 Kg8 54. Qd8+ Kg7 55. Qe8 Qd4 56. h4 e3 57. Kg3 Qd6+ 58. Kf3 Qf6+ 59. Ke2
Qf2+ 60. Kd3 Qd2+ 61. Ke4 e2 62. Qe5+ Kh7 {White resigns} 0-1